 Dungeon Crawl Stone Soup version 0.13-a0-1502-g99810c3 (webtiles) character file.

4524 Kae the Covert (level 10, -7/44 HPs)
             Began as a Spriggan Enchanter on June 9, 2013.
             Was an Elder of Nemelex Xobeh.
             Mangled by Kae's ghost (19 damage)
             ... on Level 8 of the Dungeon.
             The game lasted 00:31:19 (10120 turns).

Kae the Covert (Spriggan Enchanter)                Turns: 10120, Time: 00:31:19

HP  -7/44        AC  5     Str  8      XL: 10   Next: 12%
MP  18/28        EV 18     Int 18      God: Nemelex Xobeh [****..]
Gold 189         SH  0     Dex 15      Spells:  2 memorised, 18 levels left

Res.Fire  : . . .   See Invis. : +   y - +1 orc dagger (venom)
Res.Cold  : . . .   Warding    : .   b - +1 robe
Life Prot.: . . .   Conserve   : .   (shield restricted)
Res.Poison: .       Res.Corr.  : .   (helmet restricted)
Res.Elec. : .       Clarity    : .   (no cloak)
Sust.Abil.: . .     Spirit.Shd : .   (gloves unavailable)
Res.Mut.  : .       Stasis     : .   (boots unavailable)
Res.Rott. : .       Flight     : .   (no amulet)
Saprovore : . . .                    E - cursed +2 ring of protection
                                     H - ring of wizardry

@: very quick, quite resistant to hostile enchantments, extremely stealthy
A: unfitting armour, see invisible, herbivore 3, speed 3, slow metabolism 2, Str
+1, Dex -1
a: Draw One, Peek at Two, Triple Draw, Deal Four, Renounce Religion


You were on level 8 of the Dungeon.
You worshipped Nemelex Xobeh.
Nemelex Xobeh was extremely pleased with you.
You were not hungry.

You visited 1 branch of the dungeon, and saw 8 of its levels.

You collected 289 gold pieces.
You spent 120 gold pieces at shops.

Inventory:

Hand weapons
 h - a +2,+0 dagger of protection
 y - a +1,+1 orcish dagger of venom (weapon)
Missiles
 d - 12 darts (quivered)
Armour
 b - a +1 robe (worn)
Magical devices
 s - a wand of fire (5) {unknown}
 x - a wand of invisibility (0)
 G - a wand of flame (8)
Comestibles
 f - 5 bread rations
 k - a lychee
Scrolls
 e - 5 scrolls of remove curse
 j - a scroll of immolation {unknown}
 l - 4 scrolls of identify
Jewellery
 r - an uncursed ring of fire
 E - a cursed +2 ring of protection (right hand)
 H - a ring of wizardry (left hand)
Potions
 g - 2 potions of poison {unknown}
 i - a potion of flight
 m - a potion of degeneration {unknown}
 n - 3 potions of restore abilities
 u - 3 potions of curing
 z - 3 potions of heal wounds
 B - a potion of mutation
 C - a potion of slowing {unknown}
Books
 c - a book of Maledictions

   Spells                             Type                      Level
   Corona                             Hexes                        1
   Sure Blade                         Hexes/Charms                 2
   *Ensorcelled Hibernation           Hexes/Ice                    2
   *Confuse                           Hexes                        3
   Enslavement                        Hexes                        4
   Invisibility                       Hexes                        6
Miscellaneous
 a - an ornate deck of summonings
 o - a legendary deck of summonings
 q - a plain deck of changes {Wild Magic, drawn: 2}
 t - an ornate deck of destruction {Pain}
 D - a plain deck of summonings {Repulsiveness}


   Skills:
 * Level 9.7 Short Blades
 - Level 1.1 Throwing
 - Level 3.0 Dodging
 + Level 9.9 Stealth
 - Level 7.4 Spellcasting
 * Level 8.5 Hexes
 + Level 1.0 Ice Magic


You had 18 spell levels left.
You knew the following spells:

 Your Spells              Type           Power        Failure   Level  Hunger
b - Ensorcelled Hibernat  Hex/Ice        ###...       1%          2    None
c - Confuse               Hex            #####...     1%          3    ##.....


Dungeon Overview and Level Annotations

Branches:
Dungeon (8/27)             Temple (0/1) D:6
    Orc: D:6-11        Lair: D:8-13

Altars:
Ashenzari
Nemelex Xobeh
Xom

Shops:
D:4: /!%/!

Annotations
D:5 1 exclusion
D:6 exclusion: oklob sapling
D:7 1 exclusion
D:8 Kae's ghost, experienced MiBe


Innate Abilities, Weirdness & Mutations

You are tiny and cannot use many weapons and most armour.
You have supernaturally acute eyesight.
You are a herbivore.
You cover ground extremely quickly.
You need consume almost no food.
Your muscles are strong, but stiff (Str +1, Dex -1).


Message History

Confirm with . or Enter, or press ? or * to list all spells.
Aiming: Confuse
Press: ? - help, Shift-Dir - straight line, f - Kae's ghost
Aim: Kae's ghost Kae's ghost easily resists.
Kae's ghost hits you.
Casting: Confuse
Confirm with . or Enter, or press ? or * to list all spells.
Aiming: Confuse
Press: ? - help, Shift-Dir - straight line, f/p - Kae's ghost
Aim: Kae's ghost Kae's ghost easily resists.
Kae's ghost hits you!
* * * LOW HITPOINT WARNING * * *
Casting: Confuse
Confirm with . or Enter, or press ? or * to list all spells.
Aiming: Confuse
Press: ? - help, Shift-Dir - straight line, f/p - Kae's ghost
Aim: Kae's ghost Kae's ghost easily resists.
Kae's ghost hits you!
You die...
Your body disappears without a glow.

. ####### #######.........
#......#........?.
#................
#...............#
#.....#.........#
##########......p....)..#
#...##...#....#.@....)..# #..
#...<#..................###...
.....#..............<[#........
...............................
...............................
.............>.................
...............)......)........
...#...........................
................).............


You could see Kae's ghost.

Vanquished Creatures
  Pikel (D:7)
  The ghost of TZer0 the Spear-Bearer, an experienced MiBe of Trog (D:7)
  Grinder (D:5)
  Prince Ribbit (D:6)
  A hippogriff (D:7)
  Eustachio (D:4)
  The ghost of Kae the Vexing, an average SpEn (D:3)
  Edmund (D:7)
  Menkaure (D:7)
  2 sky beasts
  A slave (D:7)
  2 ice beasts
  A phantom (D:5)
  2 ogres (D:7)
  3 orc warriors
  A centaur (D:7)
  A big kobold (D:7)
  A troll skeleton (D:8)
  Sigmund (D:3)
  Duvessa (D:5)
  4 giant frogs
  A goliath beetle (D:7)
  2 crimson imps
  Dowan (D:5)
  3 scorpions
  2 iguanas
  A hound (D:7)
  4 orc priests
  A jelly (D:6)
  A worker ant (D:8)
  4 orc wizards
  4 gnolls (D:3)
  9 adders
  4 worms
  2 giant mites (D:4)
  3 giant eyeballs
  4 giant geckos
  2 oozes
  24 orcs
  5 giant cockroaches
  15 goblins
  12 hobgoblins
  13 jackals
  2 quokkas (D:4)
  11 bats
  8 giant newts
  12 kobolds
  A kobold zombie (D:6)
  19 rats
199 creatures vanquished.

Vanquished Creatures (others)
  A slave (D:7)
  A scorpion (D:7)
  An orc (D:4)
3 creatures vanquished.

Grand Total: 202 creatures vanquished

Notes
Turn   | Place    | Note
--------------------------------------------------------------
     0 | D:1      | Kae, the Spriggan Enchanter, began the quest for the Orb.
     0 | D:1      | Reached XP level 1. HP: 9/9 MP: 4/4
   113 | D:1      | Reached XP level 2. HP: 13/13 MP: 6/6
   158 | D:1      | Learned a level 2 spell: Ensorcelled Hibernation
  1049 | D:2      | Reached XP level 3. HP: 16/16 MP: 1/9
  1344 | D:2      | Reached skill level 4 in Hexes
  1861 | D:3      | Noticed Sigmund
  2143 | D:3      | Noticed Kae's ghost (average SpEn)
  2158 | D:2      | Reached XP level 4. HP: 9/21 MP: 5/12
  2489 | D:2      | HP: 1/21 [orc/glowing orcish flail (11)]
  3171 | D:3      | Killed Sigmund
  3171 | D:3      | Reached XP level 5. HP: 10/24 MP: 10/15
  3417 | D:2      | Learned a level 3 spell: Confuse
  3534 | D:3      | Killed Kae's ghost
  3534 | D:3      | Reached skill level 5 in Stealth
  3534 | D:3      | Reached XP level 6. HP: 22/28 MP: 6/18
  3802 | D:3      | Found a sparkling altar of Nemelex Xobeh.
  3890 | D:3      | TZer0: consider getting the deck
  3978 | D:3      | Kae: never looked into it
  3978 | D:3      | TZer0: just be careful
  3978 | D:3      | TZer0: they may be random
  3978 | D:3      | Kae: when do i use it ?
  3980 | D:3      | TZer0: and might suddenly draw Torment
  4010 | D:3      | TZer0: you must first wield it
  4010 | D:3      | TZer0: and then evoke it using v
  4050 | D:3      | TZer0: just try it once now
  4096 | D:3      | TZer0: before going into combat so that you know what kind of a deck you have
  4097 | D:3      | Gained mutation: Your muscles are strong, but stiff (Str +1, Dex -1). [helix card]
  4098 | D:3      | TZer0: ah..
  4098 | D:3      | Kae: mutation ?
  4098 | D:3      | Kae: well could have been worse
  4098 | D:3      | TZer0: it generally auto-IDs on the 2nd use
  4098 | D:3      | TZer0: but it is most likely the deck of changes or something
  4098 | D:3      | Kae: so id better leave it ?
  4098 | D:3      | TZer0: or it might be wonders..
  4098 | D:3      | TZer0: http://crawl.chaosforge.org/index.php?title=Deck_of_wonders
  4098 | D:3      | Kae: bah im only lvl 6 lets try :p
  4099 | D:3      | TZer0: Okay, it is a deck of changes :D
  4099 | D:3      | TZer0:
  4099 | D:3      | Kae: changes ^^
  4099 | D:3      | TZer0: without doubt
  4108 | D:3      | TZer0: :P
  4118 | D:3      | TZer0: also
  4118 | D:3      | TZer0: if you ID the deck using a scroll
  4118 | D:3      | TZer0: you will know the next card
  4118 | D:3      | TZer0: else you have no idea what's coming.
  4118 | D:3      | Kae: aight
  4130 | D:4      | TZer0: Nemelex on the other hand
  4140 | D:4      | TZer0: he can give you some tools to interact with decks
  4142 | D:4      | TZer0: he also gives you decks
  4152 | D:4      | Reached skill level 5 in Hexes
  4197 | D:4      | Kae: hmm
  4197 | D:4      | TZer0: you can also sacrifice anything to him
  4246 | D:3      | Became a worshipper of Nemelex Xobeh
  4247 | D:3      | TZer0: except decks
  4275 | D:3      | Received a gift from Nemelex Xobeh
  4279 | D:3      | TZer0: :D
  4279 | D:3      | Kae: lol already a gift
  4279 | D:3      | TZer0: yeah
  4279 | D:3      | Kae: he's weird
  4281 | D:3      | TZer0: he always gives a welcoming present
  4295 | D:3      | TZer0: sacrificing weapons increases the chance of offensive decks
  4295 | D:3      | TZer0: like the deck of war
  4295 | D:3      | Kae: ok
  4319 | D:3      | TZer0: sacrificing food, potions and other valuable items like scrolls and wands
  4367 | D:3      | TZer0: will yield the deck of wonder and other fabulous decks
  4470 | D:3      | Acquired Nemelex Xobeh's first power
  4641 | D:4      | Reached skill level 5 in Short Blades
  4901 | D:4      | Kae: any difference
  4901 | D:4      | Kae: between
  4901 | D:4      | Kae: Draw one
  4901 | D:4      | Kae: and evoking just like i did before ?
  4901 | D:4      | Noticed Eustachio
  4954 | D:4      | Acquired Nemelex Xobeh's second power
  4967 | D:4      | Found Qiahonus' Magical Wand Boutique.
  4978 | D:4      | Bought a wand of invisibility (2) for 84 gold pieces
  5038 | D:4      | Paralysed by a giant eyeball for 4 turns
  5045 | D:4      | Paralysed by a giant eyeball for 3 turns
  5358 | D:4      | Found Atsobea's Distillery.
  5365 | D:4      | Reached XP level 7. HP: 32/32 MP: 17/20
  5370 | D:4      | Bought a potion of heal wounds for 36 gold pieces
  5414 | D:4      | Found Nurch's Food Boutique.
  5485 | D:4      | Reached skill level 6 in Stealth
  5665 | D:4      | Killed Eustachio
  5708 | D:4      | Found Kalauxau's Distillery.
  5723 | D:4      | Found Thracisch's Magical Wand Shoppe.
  5763 | D:4      | Found a shimmering altar of Xom.
  5858 | D:5      | Entered Level 5 of the Dungeon
  6227 | D:5      | Received a gift from Nemelex Xobeh
  6265 | D:5      | Noticed Grinder
  6420 | D:5      | Noticed Duvessa
  6420 | D:5      | Noticed Dowan
  6446 | D:5      | Killed Dowan
  6446 | D:5      | Reached skill level 5 in Spellcasting
  6446 | D:5      | Reached XP level 8. HP: 16/36 MP: 10/23
  6573 | D:5      | Killed Duvessa
  6790 | D:5      | Killed Grinder
  6790 | D:5      | Reached skill level 7 in Stealth
  7054 | D:6      | Found a staircase to the Ecumenical Temple.
  7205 | D:6      | Noticed Prince Ribbit
  7213 | D:6      | Killed Prince Ribbit
  7368 | D:6      | Acquired Nemelex Xobeh's third power
  7375 | D:6      | Found a shattered altar of Ashenzari.
  7380 | D:6      | Saw a vision of the Swamp and the Spider Nest.
  7380 | D:6      | Noticed an alligator
  7631 | D:7      | Noticed Edmund
  7728 | D:7      | Reached XP level 9. HP: 13/39 MP: 21/25
  7965 | D:7      | Reached skill level 8 in Stealth
  8732 | D:7      | Acquired Nemelex Xobeh's fourth power
  8732 | D:7      | Received a gift from Nemelex Xobeh
  8762 | D:7      | Noticed TZer0's ghost (experienced MiBe)
  8778 | D:7      | Killed TZer0's ghost
  8813 | D:7      | Noticed Pikel
  8848 | D:7      | Killed Pikel
  8848 | D:7      | Reached skill level 9 in Short Blades
  9005 | D:7      | Killed Edmund
  9023 | D:7      | Noticed Menkaure
  9220 | D:7      | Killed Menkaure
  9874 | D:8      | Reached XP level 10. HP: 44/44 MP: 25/28
 10089 | D:8      | Received a gift from Nemelex Xobeh
 10108 | D:8      | Reached skill level 1 in Ice Magic
 10111 | D:8      | Noticed Kae's ghost (experienced MiBe)
 10120 | D:8      | Mangled by Kae's ghost

Action                   |  1- 3 |  4- 6 |  7- 9 | 10-12 || total
-------------------------+-------+-------+-------+-------++-------
Melee: Dagger            |   126 |   173 |   329 |    18 ||   646
 Cast: Ensorcelled Hiber |     9 |    50 |    79 |    13 ||   151
       Corona            |       |     1 |       |       ||     1
       Confuse           |       |     3 |    11 |     6 ||    20
Evoke: Deck              |       |     2 |       |       ||     2
       Wand              |       |       |     3 |       ||     3
  Use: Potion            |       |     3 |       |       ||     3
       Scroll            |       |       |    20 |       ||    20
 Stab: Sleeping          |    13 |    31 |    51 |    13 ||   108
       Distracted        |     1 |       |     2 |       ||     3
       Confused          |       |     2 |     8 |     2 ||    12
       Invisible         |       |       |     5 |       ||     5
